 Dungeon Crawl Stone Soup version 0.26.1-11-gd32895ea62 (webtiles) character file.

Game seed: 17310888377454192414

103460 dtburroughs the Fighter (level 15, -3/139 HPs)
             Began as a Minotaur Berserker on May 7, 2021.
             Was a High Priest of Trog.
             Slain by an acid blob (18 damage)
             ... on level 1 of the Pits of Slime on May 9, 2021.
             The game lasted 02:11:52 (42289 turns).

dtburroughs the Fighter (Minotaur Berserker)       Turns: 42289, Time: 02:11:53

Health: -3/139     AC:  7    Str: 24    XL:     15   Next: 89%
Magic:  0/14       EV: 14    Int:  5    God:    Trog [*****.]
Gold:   2936       SH:  7    Dex: 10    Spells: 14/14 levels left

rFire    + . .     SeeInvis .   T - +8 broad axe (flame)
rCold    + + .     Faith    +   W - +0 buckler
rNeg     . . .     Spirit   .   w - +10 chain mail "Miebep" {Rampage rCorr Int-3 Stlth-}
rPois    +         Reflect  .   (helmet restricted)
rElec    +         Harm     .   G - +0 cloak
rCorr    +         Rampage  +   (no gloves)
Will     +....                  J - +1 pair of boots {Stlth+}
Stlth    ..........             B - amulet of faith
HPRegen  0.33/turn              Z - ring of stealth
MPRegen  0.14/turn              k - ring of protection from cold

@: resistant, corroded
A: retaliatory headbutt, horns 2
a: Renounce Religion, Berserk, Trog's Hand, Brothers in Arms


You were on level 1 of the Pits of Slime.
You worshipped Trog.
Trog was extremely pleased with you.
You visited 4 branches of the dungeon, and saw 24 of its levels.
You also visited: Ice Cave.

You collected 2936 gold pieces.

Inventory:

Hand Weapons
 T - a +8 broad axe of flaming (weapon)
 U - a +6 antimagic war axe
 Y - a +7 morningstar of freezing
Armour
 w - the +10 chain mail "Miebep" (worn) {Rampage rCorr Int-3 Stlth-}
   (You found it on level 4 of the Dungeon)

   It affects your intelligence (-3).
   It provides partial protection from all sources of acid and corrosion.
   It bestows one free step when moving towards enemies.
   It makes you less stealthy.
 C - a +3 ring mail of cold resistance
 G - a +0 cloak (worn)
 J - a +1 pair of boots of stealth (worn)
 Q - the +1 pair of gloves "Wuts" {+Fly rN+ rCorr Int-3}
   (You found it on level 9 of the Dungeon)

   It affects your intelligence (-3).
   It protects you from negative energy.
   It lets you fly.
   It provides partial protection from all sources of acid and corrosion.
 W - a +0 buckler (worn)
Jewellery
 k - a ring of protection from cold (right hand)
 B - an amulet of faith (around neck)
 F - an uncursed ring of protection from cold
 Z - a ring of stealth (left hand)
Wands
 n - a wand of enslavement (7)
 o - a wand of flame (37)
 u - a wand of random effects (46)
 x - a wand of acid (2)
 H - a wand of disintegration (9)
 M - a wand of polymorph (17)
 N - a wand of digging (20)
 R - a wand of iceblast (4)
Scrolls
 b - 2 scrolls of identify
 d - a scroll of enchant weapon
 g - 10 scrolls of remove curse
 i - 6 scrolls of magic mapping
 j - 2 scrolls of enchant armour
 q - 9 scrolls of teleportation
 v - 5 scrolls of fear
 y - 2 scrolls of fog {unknown}
 E - 2 scrolls of immolation {unknown}
 K - 2 scrolls of brand weapon
 P - a scroll of blinking {unknown}
 X - 2 scrolls of holy word {unknown}
Potions
 a - 2 potions of cancellation {unknown}
 c - 2 potions of magic {unknown}
 m - 3 potions of attraction {unknown}
 p - 6 potions of haste
 r - 10 potions of might
 s - 2 potions of invisibility
 z - 8 potions of mutation
 A - 7 potions of curing
 D - 3 potions of berserk rage {unknown}
 I - 8 potions of flight
 V - 2 potions of lignification {unknown}
Miscellaneous
 e - a phial of floods (inert)
 S - a tin of tremorstones (2/2)


   Skills:
 + Level 14.7 Fighting
 + Level 14.5 Axes
 + Level 14.3 Armour
 + Level 13.4 Dodging
 + Level 12.9 Shields
 + Level 10.2 Evocations


You had 14 spell levels left.
You didn't know any spells.
Your spell library was empty.

Dungeon Overview and Level Annotations

Branches:
Dungeon (15/15)            Temple (0/1) D:5            Lair (6/6) D:9
 Shoals (0/4) Lair:4        Snake (0/4) Lair:4        Slime (1/5) Lair:5
    Orc (2/2) D:10            Elf (0/3) Orc:2        Vaults (0/5) D:14
 Depths (0/5) D:15          IceCv (visited)

Altars:
Ashenzari
Dithmenos
Elyvilon
Fedhas
Gozag
Hepliaklqana
Kikubaaqudgha
Makhleb
Okawaru
Sif Muna
Trog
Uskayaw
Vehumet
Xom
The Shining One
Beogh

Shops:
D:5 (   D:7 *   D:11 *(!   D:12 :   Orc:2 ([*:

Annotations:
D:9 2 transporters


Innate Abilities, Weirdness & Mutations

You reflexively headbutt those who attack you in melee.
You have a pair of horns on your head.


Message History

The acid blob spits acid at you. The splash of acid misses you.
You feel much better. The walls burn your troll!
Your troll bites the acid blob!!
Your troll is burned by acid!
Your troll claws the acid blob!
Your troll is burned by acid!
Your troll claws the acid blob.
Your troll is burned by acid!
The acid blob hits your troll!!!
Your troll dies!
Your troll's corpse disappears in a puff of smoke!
The acid blob hits you!!
* * * LOW HITPOINT WARNING * * *
You are splashed with acid.
You resist.
* * * LOW HITPOINT WARNING * * *
The eye of draining gazes at you.
The acid blob quivers.
You feel better. The acid blob hits you!!
You die...

#... . ##..# .. ##...
...####...# ..........##
### ...........###.####
...............J..##
..........G....J@..######
........................###
.......##....###..........#
......# ##..##
##.........### ...... ####
#####.......### ....J. ##
######........# .....
###≈####...###.......##
.....
#≈≈≈≈##.....##........#
#≈≈≈≈....<..#....#....#


You could see 2 acid blobs and an eye of draining.

Vanquished Creatures
  A fire giant (D:15)
  An orc warlord (Orc:2)
  Josephine (Lair:5)
  5 hydras
  3 boulder beetles
  A vault guard (D:14)
  2 catoblepae
  2 centaur warriors
  6 two-headed ogres
  8 death yaks
  3 orc high priests
  Sonja (Lair:5)
  2 unseen horrors
  Pikel (D:9)
  4 deep elf magi
  A lindwurm (Lair:6)
  A wolf spider zombie (D:15)
  3 orc knights (Orc:2)
  7 orc sorcerers
  18 ugly things
  3 manticores
  3 cyclopes
  7 black mambas
  12 elephants
  Maurice (D:11)
  Psyche (D:8)
  A gargoyle (D:13)
  A torpor snail (Lair:3)
  21 cane toads
  2 centaur skeletons
  3 ice statues
  An eye of devastation (shapeshifter) (D:13)
  6 komodo dragons
  3 yaktaurs (D:15)
  An efreet (D:15)
  2 rime drakes
  A freezing wraith (D:13)
  16 polar bears
  4 tyrant leeches (Lair:6)
  A merfolk (Lair:4)
  9 trolls
  22 blink frogs
  9 slime creatures
  Grinder (D:3)
  A spriggan (Lair:1)
  3 shadows
  A tarantella (shapeshifter) (D:13)
  2 water elementals (D:12)
  6 wraiths
  45 yaks
  5 basilisks
  5 wyverns
  Grum (D:9)
  2 steam dragons
  8 vampire mosquitoes
  A naga (D:9)
  2 wargs
  10 water moccasins
  23 orc warriors
  An eye of draining (shapeshifter) (D:13)
  2 black bears
  A black bear (shapeshifter) (D:15)
  An eye of draining (D:15)
  An ice beast (D:15)
  A phantom (D:7)
  3 sky beasts
  8 ogres
  A necrophage (D:10)
  3 centaurs
  26 wolves
  2 big kobolds
  25 bullfrogs
  2 wyvern zombies
  2 gnoll sergeants (D:5)
  2 scorpions (D:9)
  A hornet simulacrum (D:14)
  A ballistomycete (Lair:3)
  8 killer bees
  26 wights
  5 electric eels
  A centaur zombie (D:10)
  2 quasits
  6 bullfrog zombies
  9 hounds
  4 jellies
  30 orc priests
  35 orc wizards
  Jessica (D:2)
  Terence (D:3)
  7 worker ants
  5 hell rats (Lair:3)
  2 hound skeletons
  17 gnolls
  13 adders
  3 shadow imps
  9 white imps (Lair:6)
  2 ufetubi (D:10)
  2 oozes
  2 adder zombies
  An adder skeleton (D:9)
  6 worms
  4 dart slugs
  5 leopard geckos
  105 orcs
  14 bats
  4 giant cockroaches
  5 goblins
  12 hobgoblins
  12 jackals
  15 kobolds
  2 quokkas
  6 frilled lizards
  A leopard gecko zombie (D:6)
  A quokka skeleton (D:8)
  12 rats
  3 ballistomycete spores (Lair:3)
798 creatures vanquished.

Vanquished Creatures (collateral kills)
  A frost giant (IceCv)
  11 death yaks (Lair:6)
  An orc high priest (Orc:2)
  Urug (D:11)
  A merfolk siren (Lair:4)
  8 elephants (Lair:3)
  A komodo dragon (Lair:4)
  A polar bear (IceCv)
  A black bear (D:10)
  An orc warrior (Orc:2)
  5 wolves (IceCv)
  A gnoll shaman (D:9)
  An orc priest (Orc:2)
  3 gnolls (D:9)
  2 white imps (Lair:6)
  An orc (Orc:2)
40 creatures vanquished.

Vanquished Creatures (others)
  A wight (D:12)
  A white imp (Lair:6)
  36 fungi
  147 plants
185 creatures vanquished.

Grand Total: 1023 creatures vanquished

Notes
Turn   | Place    | Note
-------+----------+-------------------------------------------
     0 | D:1      | dtburroughs the Minotaur Berserker began the quest for the
                  | Orb.
     0 | D:1      | Reached XP level 1. HP: 19/19 MP: 0/0
   189 | D:1      | Reached XP level 2. HP: 27/27 MP: 1/1
   498 | D:1      | Reached XP level 3. HP: 33/33 MP: 2/2
   761 | D:2      | Found a bloodstained altar of Trog.
   873 | D:2      | Reached ** piety under Trog
  1088 | D:2      | Reached XP level 4. HP: 39/40 MP: 3/3
  1096 | D:2      | Found a blossoming altar of Fedhas.
  1096 | D:2      | You fall into a shaft and drop 2 floors!
  1425 | D:3      | Reached XP level 5. HP: 25/47 MP: 4/4
  1624 | D:2      | Noticed Jessica
  1633 | D:2      | Killed Jessica
  1913 | D:2      | Reached *** piety under Trog
  2123 | D:3      | Reached skill level 5 in Fighting
  2169 | D:3      | Noticed Terence
  2183 | D:3      | Killed Terence
  2184 | D:3      | Reached skill level 5 in Axes
  2426 | D:3      | Found an opulent altar of Gozag.
  2515 | D:3      | Reached XP level 6. HP: 48/56 MP: 5/5
  3017 | D:3      | Noticed Grinder
  3031 | D:3      | Paralysed by Grinder for 3 turns
  3037 | D:3      | Killed Grinder
  3509 | D:4      | Noticed a sky beast
  3521 | D:4      | Killed a sky beast
  3522 | D:4      | Reached skill level 5 in Armour
  3522 | D:4      | Reached XP level 7. HP: 40/62 MP: 6/6
  3698 | D:4      | Got a bloodstained chain mail
  3787 | D:4      | Found a shimmering blue altar of Sif Muna.
  3787 | D:4      | Found a broken altar of Ashenzari.
  3788 | D:4      | Found a burning altar of Makhleb.
  3909 | D:4      | Found an ancient bone altar of Kikubaaqudgha.
  4009 | D:4      | You fall into a shaft and drop 3 floors!
  4036 | D:7      | Reached skill level 5 in Dodging
  4565 | D:5      | Entered Level 5 of the Dungeon
  4740 | D:5      | Reached XP level 8. HP: 70/71 MP: 7/7
  4788 | D:5      | Reached **** piety under Trog
  5099 | D:5      | Identified the +10 chain mail "Miebep" {Rampage rCorr Int-3
                  | Stlth-} (You found it on level 4 of the Dungeon)
  5280 | D:5      | Found Xuczixun's Weapon Boutique.
  5704 | D:5      | Found a staircase to the Ecumenical Temple.
  5819 | D:5      | Found a shadowy altar of Dithmenos.
  5821 | D:5      | Found a hazy altar of Hepliaklqana.
  6163 | D:6      | Reached skill level 1 in Shields
  6168 | D:6      | Reached skill level 1 in Evocations
  6487 | D:6      | Reached XP level 9. HP: 77/80 MP: 8/8
  6574 | D:6      | Found a shadowy altar of Dithmenos.
  6751 | D:7      | Found a glowing golden altar of the Shining One.
  6909 | D:7      | Found a shimmering altar of Xom.
  7032 | D:7      | Found Lykourov's Assorted Antiques.
  7231 | D:7      | Noticed a two-headed ogre
  7280 | D:7      | Killed a two-headed ogre
  7650 | D:8      | Noticed Psyche
  7650 | D:8      | Noticed a troll
  7828 | D:8      | Found a hide-covered altar of Uskayaw.
  7887 | D:8      | Killed Psyche
  8069 | D:8      | Killed a troll
  8415 | D:9      | Noticed Pikel
  8436 | D:9      | Killed Pikel
  8437 | D:9      | Reached XP level 10. HP: 79/90 MP: 9/9
  8513 | D:9      | Noticed a death yak
  8538 | D:9      | Noticed a death yak
  8540 | D:9      | Noticed a death yak
  8552 | D:8      | Killed a death yak
  8803 | D:8      | Killed a death yak
  8804 | D:8      | Reached skill level 5 in Shields
  8915 | D:8      | Killed a death yak
  9094 | D:9      | Got a pair of steaming gloves
  9100 | D:9      | Identified the +1 pair of gloves "Wuts" {+Fly rN+ rCorr
                  | Int-3} (You found it on level 9 of the Dungeon)
  9140 | D:9      | Noticed Grum
  9159 | D:9      | Killed Grum
  9285 | D:9      | Found a white marble altar of Elyvilon.
  9422 | D:9      | Reached ***** piety under Trog
  9440 | D:9      | Noticed a black mamba
  9458 | D:9      | Found a radiant altar of Vehumet.
  9459 | D:9      | Found a transporter.
  9460 | D:9      | Noticed a tengu warrior
  9471 | D:9      | Noticed a two-headed ogre
  9472 | D:9      | a black mamba changed into a soldier ant
  9488 | D:9      | Killed a two-headed ogre
  9489 | D:9      | Reached XP level 11. HP: 38/99 MP: 10/10
  9629 | D:9      | Noticed a harpy
  9629 | D:9      | a black bear changed into a harpy
  9635 | D:9      | a harpy changed into a blink frog
  9909 | D:9      | Reached skill level 10 in Axes
  9969 | D:9      | Found a staircase to the Lair.
 10246 | D:9      | Found a transporter.
 10264 | D:9      | Noticed an entropy weaver
 10309 | D:9      | Noticed Maggie
 10405 | D:9      | Noticed Maggie
 10405 | D:9      | Maggie changed into Maggie the naga
 10411 | D:9      | Killed Maggie the naga
 10563 | D:10     | Entered Level 10 of the Dungeon
 10576 | D:9      | Reached skill level 10 in Fighting
 10952 | D:10     | Received a gift from Trog
 11065 | D:10     | Reached skill level 5 in Evocations
 11210 | D:10     | Noticed a two-headed ogre
 11224 | D:10     | Killed a two-headed ogre
 11705 | D:10     | Found a staircase to the Orcish Mines.
 12263 | D:10     | Reached skill level 10 in Armour
 12868 | D:11     | Noticed a green ugly thing
 12884 | D:11     | Killed a green ugly thing
 13334 | D:11     | Noticed a boulder beetle
 13356 | D:11     | Killed a boulder beetle
 13705 | D:11     | Found Piusua's Distillery.
 13708 | D:11     | Noticed Maurice
 13762 | D:11     | Killed Maurice
 13897 | D:11     | Noticed Urug
 13906 | D:11     | Killed Urug
 14159 | D:11     | Found Balax's Antique Weapon Shop.
 14234 | D:11     | Found Gaegoe's General Store.
 14523 | Lair:1   | Entered Level 1 of the Lair of Beasts
 15185 | Lair:1   | Reached XP level 12. HP: 103/108 MP: 11/11
 15791 | Lair:1   | Reached skill level 10 in Dodging
 16095 | Lair:2   | Noticed a six-headed hydra
 16770 | Lair:2   | Killed a six-headed hydra
 18729 | Lair:3   | Found an iron altar of Okawaru.
 19000 | Lair:3   | Found an opulent altar of Gozag.
 19697 | Lair:3   | Reached XP level 13. HP: 117/117 MP: 12/12
 19866 | Lair:4   | Found a staircase to the Snake Pit.
 20153 | Lair:3   | Received a gift from Trog
 21060 | Lair:3   | Reached skill level 10 in Shields
 21232 | Lair:4   | Found a staircase to the Shoals.
 22005 | Lair:5   | Noticed Josephine
 23793 | Lair:5   | Noticed Sonja
 23801 | Lair:5   | Killed Sonja
 23852 | Lair:5   | Found a staircase to the Slime Pits.
 24567 | Lair:5   | Killed Josephine
 24866 | Lair:6   | Entered Level 6 of the Lair of Beasts
 25048 | Lair:6   | Got a pair of twisted boots
 25146 | Lair:6   | Found a frozen archway.
 25170 | IceCv    | Entered an ice cave
 25578 | IceCv    | Reached XP level 14. HP: 127/127 MP: 13/13
 26366 | IceCv    | Noticed a frost giant
 26382 | IceCv    | Killed a frost giant
 26844 | Lair:6   | Identified the cursed +0 pair of boots "Enip Utu" {Int+4}
                  | (You found it on level 6 of the Lair of Beasts)
 27798 | Lair:6   | Received a gift from Trog
 29522 | D:12     | Found Sis Niof's Book Shoppe.
 31623 | D:13     | Reached XP level 15. HP: 128/137 MP: 14/14
 34030 | D:14     | Found a gate to the Vaults.
 34754 | Orc:1    | Entered Level 1 of the Orcish Mines
 36104 | Orc:1    | Found a roughly hewn altar of Beogh.
 36323 | Orc:2    | Entered Level 2 of the Orcish Mines
 36323 | Orc:2    | Found a staircase to the Elven Halls.
 36588 | Orc:2    | Received a gift from Trog
 36591 | Orc:2    | Got a dazzling hand axe {god gift}
 36610 | Orc:2    | Identified the +3 hand axe "Ekiofram" {vorpal, Int+5} (Trog
                  | gifted it to you on level 2 of the Orcish Mines)
 37719 | Orc:2    | Noticed an orc warlord
 37740 | Orc:2    | Killed an orc warlord
 37924 | Orc:2    | Reached skill level 10 in Evocations
 38211 | Orc:2    | Paralysed by an orc sorcerer for 6 turns
 39092 | Orc:2    | Found Viaketh's General Store.
 39093 | Orc:2    | Found Diusiss's Book Emporium.
 39095 | Orc:2    | Found Kias Exo's Antique Armour Shoppe.
 39095 | Orc:2    | Found Mowkoan's Antique Weapon Shoppe.
 39615 | D:15     | Entered Level 15 of the Dungeon
 39623 | D:15     | Reached ****** piety under Trog
 39769 | D:15     | Received a gift from Trog
 40046 | D:15     | Noticed a fire giant
 40091 | D:15     | Found a staircase to the Depths.
 41345 | D:15     | Killed a fire giant
 42023 | Slime:1  | Entered Level 1 of the Pits of Slime
 42262 | Slime:1  | Noticed an acid blob
 42273 | Slime:1  | Noticed an acid blob
 42289 | Slime:1  | Slain by an acid blob

Illustrated notes

Levels and vault maps discovered:
D:1:      minmay_arrival_diagonal_passages, layout_rooms
D:2:      layout_loops_corners, nicolae_overflow_crystal_walls, fedhas_altar_2,
          uniq_jessica
D:3:      layout_basic, nicolae_gozag_cash_rules_everything_around_me,
          uniq_terence, uniq_grinder
D:4:      layout_basic, nicolae_overflow_quartered_altars
D:5:      layout_cave_pools, riverfiend_overflow_shadow_ancestor,
          minmay_temple_entry_nine_rooms, serial_gnoll_camp,
          gnoll_camp_mini_sergeant, gnoll_camp_mini_house, gnoll_camp_mini_shop,
          gnoll_camp_mini_hut
D:6:      layout_loops_ring, grunt_dithmenos_smoke
D:7:      layout_cave_pools, tgw_xom, serial_shops, shop, tso_metal_star
D:8:      layout_loops_ring, lemuel_doored_altar, uniq_psyche
D:9:      layout_loops_cross, old_standard_altar,
          gammafunk_temple_overflow_arena, dpeg_lair_monsters, enter_bailey_8,
          uniq_grum, uniq_maggie, uniq_pikel
D:10:     cheibrodos_barr_body, layout_layer_cave, hiddenorc2_lemuel,
          hangedman_abyss_or_decor_clamps, serial_bayou_pond_e
D:11:     layout_irregular_city, serial_shops, shop_fountains, shop, shop,
          uniq_maurice, uniq_urug
D:12:     layout_basic, serial_shops, shop
D:13:     lemuel_ice_statue, layout_loops_ring, st_stairs_13
D:14:     layout_roguey, david_vaults_5, nrook_pool_corridor,
          hangedman_decor_riveting
D:15:     grunt_enter_depths_giant_problem, layout_basic, hex_tiny
Lair:1:   layout_gridlike, grunt_forest_large_clearing_hut
Lair:2:   layout_cave_pods, serial_bayou_lagoon_b
Lair:3:   layout_hall_layers, basic_altar, fungi_pond_lemuel,
          lemuel_oklob_altar, grunt_megastairs_4
Lair:4:   layout_cave_pods, elwin_shoals_entry_rooms,
          guppyfry_snake_entry_island, nicolae_lair_yak_garden
Lair:5:   layout_regular_city, minmay_slime_entry_pillars, grunt_megastairs_3,
          uniq_sonja, uniq_josephine
Lair:6:   minmay_lair_end_frog_pond, layout_small_grid,
          portal_ice_cave_entry_imps
Slime:1:  cheibrodos_slime_lost_civilization_3, layout_caves,
          nicolae_slime_phagocytosis
Orc:1:    layout_diamond_mine, kennysheep_orc_chapel
Orc:2:    st_orc_congregation, layout_diamond_mine

Skill      XL: |  1  2  3  4  5  6  7  8  9 10 11 12 13 14 15 |
---------------+----------------------------------------------+-----
Fighting       | 4 5 6 7 8 9 10 11 12 13 14 | 14.7
Axes           | 4 5 6 7 9 10 11 12 13 14 | 14.5
Armour         | 3 4 5 6 7 8 9 10 11 12 13 14 | 14.3
Dodging        | 3 4 5 6 7 8 9 10 11 12 13 | 13.4
Shields        | 1 4 6 8 9 10 11 12 | 12.9
Evocations     | 1 3 4 5 7 8 9 10 | 10.2

Action                   |  1- 3 |  4- 6 |  7- 9 | 10-12 | 13-15 || total
-------------------------+-------+-------+-------+-------+-------++-------
Melee: Hand axe          |    28 |       |       |       |       ||    28
       Headbutt          |    13 |    16 |    52 |   149 |   229 ||   459
       Mace              |    22 |   120 |   195 |       |       ||   337
       Flail             |       |       |    95 |   414 |       ||   509
       Morningstar       |       |       |       |   283 |   109 ||   392
       Broad axe         |       |       |       |       |  1102 ||  1102
Invok: Trog's Hand       |       |       |     4 |       |     3 ||     7
       Brothers in Arms  |       |       |     1 |     5 |     8 ||    14
 Abil: Evoke Flight      |       |       |       |       |     1 ||     1
Evoke: Wand              |       |       |     4 |    16 |    44 ||    64
       Phial of floods   |       |       |       |       |     1 ||     1
  Use: Scroll            |       |       |     7 |     1 |    19 ||    27
       Potion            |       |       |       |     1 |    12 ||    13
 Stab: Sleeping          |     1 |       |       |       |       ||     1
       Paralysed         |       |       |       |    15 |    10 ||    25
Armor: Animal skin       |    22 |       |       |       |       ||    22
       Ring mail         |     2 |    51 |    33 |       |    55 ||   141
       Chain mail        |       |       |   162 |   365 |   512 ||  1039
Dodge: Dodged            |    54 |    83 |   163 |   429 |   603 ||  1332
Block: Buckler           |       |       |    17 |   184 |   312 ||   513
